 Dungeon Sprint DCSS version 0.29.1-1-gd02db6906a (webtiles) character file.

Game seed: 17547144040001953986

114 GigaChad the Covered (level 4, 0/47 HPs)
             Began as a Minotaur Fighter on Sept 16, 2022.
             Slain by a fire elemental (12 damage)
             ... summoned by a deep elf pyromancer
             ... in the Dungeon (Sprint V: "Ziggurat Sprint").
             The game lasted 00:05:19 (280 turns).

GigaChad the Covered (Minotaur Fighter)              Turns: 280, Time: 00:05:20

Health: 0/47       AC: 23    Str: 23    XL:     4   Next: 67%
Magic:  3/3        EV:  4    Int:  5    God:
Gold:   0          SH:  0    Dex:  9    Spells: 3/3 levels left

rFire   . . .      SeeInvis .   o - +10 dark maul {vorpal}
rCold   . . .      Faith    .   (shield currently unavailable)
rNeg    . . .      Spirit   .   C - +5 crystal plate armour
rPois   .          Reflect  .   (helmet restricted)
rElec   .          Harm     .   (no cloak)
rCorr   .          Rampage  .   (no gloves)
Will    .....      NoTele   +   (no boots)
Stlth   ..........              (no amulet)
HPRegen 0.15/turn               (no ring)
MPRegen 0.08/turn               (no ring)

@: no status effects
A: horns 2, retaliatory headbutt
a: no special abilities


You were in the Dungeon.
You visited 1 branch

Inventory:

Hand Weapons
 a - a +0 long sword
 o - the +10 dark maul (weapon) {vorpal}
   (You found it in the Dungeon)

   It inflicts extra damage upon your enemies.
 p - the +9 heavy crossbow "Sniper" {vorpal, Acc+∞ SInv}
   (You found it in the Dungeon)

   Any ammunition fired from it inflicts extra damage upon your enemies.
   Any ammunition fired from it never misses its target.
   SInv:      It lets you see invisible.
 q - the +14 obsidian axe {vorpal, Mesm Drain Fly SInv}
   (You found it in the Dungeon)

   It inflicts extra damage upon your enemies.
   It occasionally summons demons to assist the wielder when it strikes in
   combat.
   Its wielder is mesmerised by any visible foes.
   It cannot be unequipped while any foes are visible.
   SInv:      It lets you see invisible.
   Fly:       It grants you flight.
   Drain:     It drains your maximum health when unequipped.
Armour
 b - a +0 scale mail
 c - a +0 buckler
 r - the +15 Maxwell's patent armour {-Cast -Tele rElec Will+ rCorr}
   (You found it in the Dungeon)

   rElec:     It insulates you from electricity.
   -Cast:     It prevents spellcasting.
   -Tele:     It prevents most forms of teleportation.
   rCorr:     It protects you from acid and corrosion.
   Will:      It increases your willpower.
 C - a +5 crystal plate armour (worn)
Jewellery
 s - a ring of flight
 t - a +6 ring of dexterity
 u - a +6 ring of dexterity
 v - a +6 ring of intelligence
 w - a +6 ring of intelligence
 x - a +6 ring of strength
 y - a +6 ring of strength
Wands
 z - a wand of mindburst (7)
 A - a wand of iceblast (7)
 B - a wand of acid (7)
Scrolls
 j - 4 scrolls of blinking
 k - 4 scrolls of amnesia
 l - 7 scrolls of fog
 m - 5 scrolls of identify
 n - 2 scrolls of fear
Potions
 d - 6 potions of might
 e - 10 potions of curing
 f - 10 potions of heal wounds
 g - 6 potions of haste
 h - 7 potions of magic
 i - 3 potions of berserk rage
 D - 2 potions of brilliance
 E - 2 potions of invisibility
 F - 4 potions of resistance
 G - a potion of experience
Miscellaneous
 H - a lightning rod (4/4)
 I - a lightning rod (4/4)


   Skills:
 + Level 7.1 Fighting
 + Level 3.9 Long Blades
 + Level 1.2 Maces & Flails
 + Level 7.2 Armour
 + Level 7.0 Shields


You had 3 spell levels left.
You didn't know any spells.
Your spell library was empty.

Dungeon Overview and Level Annotations

Branches:
Dungeon (1/1)

Altars:
Ashenzari
Cheibriados
Dithmenos
Elyvilon
Fedhas
Gozag
Hepliaklqana
Kikubaaqudgha
Makhleb
Nemelex Xobeh
Okawaru
Qazlal
Ru
Sif Muna
Trog
Uskayaw
Vehumet
Wu Jian
Xom
Yredelemnul
Zin
The Shining One
Jiyva
Lugonu

Annotations:
D 1 transporter


Innate Abilities, Weirdness & Mutations

You have a pair of horns on your head.
You reflexively headbutt those who attack you in melee.


Message History

You miss the adder.
The adder bites you but does no damage. x4
You closely miss the adder.
The adder bites you but does no damage. x2
The adder bites you.
You are poisoned.
The adder poisons you! The adder bites you but does no damage.
You crush the adder like a grape!!!
You kill the adder!
You feel very sick.
Your Shields skill increases to level 7!
Unknown command.
You feel sick.
You feel sick.
You are no longer poisoned.
You see here a lightning rod (4/4).
You see here a lightning rod (4/4).
I - a lightning rod (4/4)
There is a transporter here.
Welcome to arena 2.
You enter the transporter and appear at another place.
A deep elf zephyrmancer, a deep elf archer and a deep elf pyromancer come into view.
The deep elf pyromancer shouts!
The deep elf zephyrmancer casts a spell at you.
The bolt of lightning hits you!!
Ouch! That really hurt!
The deep elf archer unwields a +0 short sword.
The deep elf archer wields a +0 shortbow.
The deep elf archer shoots an arrow.
The arrow hits you.
Found three items.
Found a transporter.
The deep elf pyromancer casts a spell.
You closely miss the deep elf pyromancer.
Your headbutt misses the deep elf pyromancer.
The fire elemental hits you. The fire elemental burns you!
* * * LOW HITPOINT WARNING * * *
The deep elf zephyrmancer hits you but does no damage.
The deep elf pyromancer hits you but does no damage.
The deep elf archer unwields a +0 shortbow.
The deep elf archer wields a +0 short sword.
The deep elf archer hits you but does no damage.
The fire elemental hits you. The fire elemental burns you!
You die...

▓▓▓▓▓▓▓▓▓▓▓▓▓
▓.8©8.▓.8©8.▓
▓.}=).▓.....▓
▓.....▓...).▓
▓.eee.▓.....▓
▓..@E.▓.....▓
▓.....▓..©..▓
▓..©..▓▓▓▓▓▓▓
▓▓▓▓▓▓▓


You could see a deep elf archer (repels missiles), a deep elf pyromancer, a deep
elf zephyrmancer and a fire elemental (summoned).

Vanquished Creatures
  A water moccasin (D)
  An adder (D)
2 creatures vanquished.

Notes
Turn   | Place    | Note
-------+----------+-------------------------------------------
     0 | D        | GigaChad the Minotaur Fighter began the quest for the Orb.
     0 | D        | Reached XP level 1. HP: 19/19 MP: 0/0
     2 | D        | Found a blossoming altar of Fedhas.
     2 | D        | Found the +6 Majin-Bo {vamp, MP+6 Int+6}
     2 | D        | Found the +9 heavy crossbow "Sniper" {vorpal, Acc+∞ SInv}
     2 | D        | Found the +10 dark maul {vorpal}
     2 | D        | Found the +15 Maxwell's patent armour {-Cast -Tele rElec
                  | Will+ rCorr}
     2 | D        | Found the +18 shield of the Gong {rElec rN+ Will+ EV-5}
     2 | D        | Found the +14 obsidian axe {vorpal, Mesm Drain Fly SInv}
     2 | D        | Found the +7 great mace "Firestarter" {inner flame, rF++}
     2 | D        | Found the +6 shillelagh "Devastator" {shatter}
     2 | D        | Found the +11 plutonium sword {Contam Stlth-}
     2 | D        | Found the +8 lance "Wyrmbane" {slay drac, rPois rF+ rC+
                  | AC+3}
     2 | D        | Found the +9 sword of Zonguldrok {reap}
     2 | D        | Found the +13 scythe of Curses {drain, Drain}
     2 | D        | Found the +5 sword of Power {vorpal}
     2 | D        | Found the +7 mace of Variability {chain chaos}
     2 | D        | Found the +7 Singing Sword {vorpal, sonic wave}
     2 | D        | Found the +8 storm bow {elec, penet}
     4 | D        | Found a hazy altar of Hepliaklqana.
     4 | D        | Found a viscous altar of Jiyva.
     4 | D        | Found an opulent altar of Gozag.
     4 | D        | Found a transporter.
     4 | D        | Found an ancient bone altar of Kikubaaqudgha.
    17 | D        | Found a corrupted altar of Lugonu.
    19 | D        | Found a burning altar of Makhleb.
    20 | D        | Found a sparkling altar of Nemelex Xobeh.
    20 | D        | Found an iron altar of Okawaru.
    20 | D        | Found a stormy altar of Qazlal.
    20 | D        | Found a sacrificial altar of Ru.
    31 | D        | Found a shimmering blue altar of Sif Muna.
    37 | D        | Found a bloodstained altar of Trog.
   257 | D        | Entered arena 2.
   257 | D        | Noticed a water moccasin
   257 | D        | Found a transporter.
   259 | D        | Killed a water moccasin
   260 | D        | Reached skill level 1 in Maces & Flails
   260 | D        | Reached XP level 2. HP: 34/34 MP: 1/1
   260 | D        | Reached XP level 3. HP: 39/39 MP: 2/2
   260 | D        | Reached XP level 4. HP: 47/47 MP: 3/3
   277 | D        | Entered arena 3.
   277 | D        | Noticed a deep elf zephyrmancer
   277 | D        | Noticed a deep elf archer
   277 | D        | Noticed a deep elf pyromancer
   277 | D        | Found a transporter.
   280 | D        | Noticed a fire elemental
   280 | D        | Slain by a fire elemental

Illustrated notes

Levels and vault maps discovered:
D:        sprint_v [room_start, room_1, room_2, room_3, room_4, room_5, room_6,
          room_7, room_8, room_9, room_10, room_11, room_12, room_13, room_14,
          room_15, room_16, room_17, room_18, room_19, room_20, room_21,
          room_22, room_23, room_24, room_25, room_26, room_27]

Skill      XL: |  1  2  3  4 |
---------------+-------------+-----
Fighting       | 7 |  7.1
Long Blades    | 3 |  3.9
Maces & Flails | 1 |  1.2
Armour         | 7 |  7.2
Shields        | 6 7 |  7.0

Action                   |  1- 3 |  4- 6 || total
-------------------------+-------+-------++-------
Melee: Maul              |     1 |     5 ||     6
Armor: Crystal plate arm |     4 |    14 ||    18
Dodge: Dodged            |     1 |     3 ||     4
